Map: Dusk Towers

Players

dugong

  • Race: Zerg Zerg
  • League: Silver

DarkDeny - Winner!

  • Race: Zerg Zerg
  • League: Gold

VOD

Have the link to the VOD?

Description

Time

  • Played on: June 7, 2016, 4:34 a.m.
  • Length: 15:49
Show
View Real Time Build Order
Export as new Build Order

dugong Zerg 

Build Orders: Pool First 

Get SALT Encoding   

  12  0:01  Drone  
  13  0:11  Drone  
  14  0:16  Drone, Extractor  
  15  0:22  Overlord  
  15  0:41  Spawning Pool  
  14  0:44  Drone  
  14  0:46  Drone  
  14  0:49  Drone  
  17  0:56  Drone  
  18  1:03  Extractor  
  17  1:08  Drone  
  18  1:20  Hatchery  
  18  1:25  Drone  
  18  1:31  Drone  
  19  1:36  Queen  
  19  1:39  Drone  
  22  1:46  Evolution Chamber  
  21  1:49  Drone  
  22  2:07  Roach Warren  
  22  2:08  Drone  
  22  2:14  Extractor  
  21  2:22  Lair  
  21  2:33  Evolution Chamber  
  20  2:45  Zerg Melee Weapons Level 1  
  20  2:47  Drone x2  
  20  2:48  Drone x2  
  24  2:59  Queen  
  26  3:14  Overlord x3  
  26  3:33  Zerg Ground Armor Level 1  
  26  3:47  Drone  
  26  3:48  Drone x6  
  33  3:56  Glial Reconstitution  
  33  4:11  Roach  
  33  4:12  Roach x2  
  33  4:13  Roach  
  41  4:31  Roach  
  43  4:32  Overlord x2  
  43  4:40  Spine Crawler  
  43  4:42  Spine Crawler  
  39  4:51  Roach x3  
  41  5:02  Roach x2  
  45  5:07  Roach  
  43  5:25  Roach  
  43  5:26  Roach  
  43  5:36  Roach  
  45  5:52  Zerg Melee Weapons Level 2  
  45  5:54  Roach x2  
  49  6:05  Roach  
  49  6:06  Roach  
  49  6:07  Zergling x2  
  54  6:29  Hatchery  
  52  7:16  Overlord x2  
  52  7:22  Roach x4  
  50  7:34  Roach  
  52  7:40  Queen  
  54  8:10  Roach x2  
  54  8:11  Roach x6  
  52  8:30  Drone x3  
  53  8:54  Roach  
  53  8:55  Roach x5  
  65  9:04  Drone  
  65  9:05  Drone x2  
  66  9:51  Roach  
  66  9:52  Roach x4  
  76  10:00  Spore Crawler  
  76  10:02  Spore Crawler  
  76  10:03  Spore Crawler  
  76  10:05  Spore Crawler x2  
  76  10:06  Spore Crawler  
  56  10:20  Hydralisk Den  
  45  10:31  Zerg Missile Weapons Level 1  
  45  10:32  Zerg Ground Armor Level 2  
  42  11:00  Roach  
  42  11:01  Hydralisk, Roach x5  
  56  11:10  Pneumatized Carapace  
  56  11:28  Drone x3  
  59  11:41  Muscular Augments  
  59  12:03  Drone  
  59  12:05  Overlord  
  59  12:06  Overlord  
  60  12:15  Overlord  
  60  12:16  Overlord  
  60  12:37  Hydralisk x2  
  58  12:38  Hydralisk  
  56  13:09  Hydralisk x3  
  56  13:12  Infestation Pit  
  61  13:21  Hydralisk  
  63  13:32  Hydralisk  
  63  13:33  Hydralisk  
  67  13:37  Hydralisk  
  69  13:44  Hydralisk  
  69  14:11  Hydralisk x3  
  69  14:14  Overseer  
  59  14:40  Hydralisk  
  59  14:41  Hydralisk x2  
  59  14:42  Hydralisk  
  67  15:12  Queen  
Show
View Real Time Build Order
Export as new Build Order

DarkDeny Zerg - Winner!

Build Orders: Hatch First 

Get SALT Encoding   

  12  0:01  Drone  
  13  0:13  Overlord  
  13  0:24  Drone  
  14  0:40  Drone x3  
  17  1:00  Drone  
  17  1:03  Hatchery, Drone  
  18  1:14  Extractor  
  18  1:18  Spawning Pool, Drone  
  16  1:25  Drone  
  18  1:40  Drone  
  19  1:47  Overlord  
  19  2:04  Queen  
  21  2:08  Drone x2  
  21  2:15  Queen  
  25  2:16  Drone  
  25  2:18  Drone  
  27  2:27  Metabolic Boost  
  27  2:29  Zergling x4  
  29  2:42  Drone  
  30  2:52  Hatchery  
  30  2:55  Zergling x6  
  32  3:06  Queen  
  32  3:08  Zergling x4  
  36  3:29  Overlord x2  
  36  3:30  Overlord x2  
  36  3:50  Zergling x2  
  36  3:51  Zergling x8  
  41  4:12  Zergling x4  
  41  4:13  Zergling x8  
  47  4:18  Zergling x6  
  47  4:24  Drone x3  
  52  4:28  Queen  
  55  4:32  Zergling x10  
  59  4:58  Zergling x8  
  59  4:59  Zergling x12  
  60  5:34  Zergling x2  
  60  5:35  Zergling x16  
  61  5:50  Drone  
  61  5:51  Drone x2  
  61  5:54  Lair  
  64  5:59  Drone, Evolution Chamber  
  64  6:02  Evolution Chamber  
  61  6:21  Hatchery  
  60  6:29  Drone x5  
  60  6:30  Drone  
  66  6:34  Drone x3  
  66  6:35  Drone x2  
  66  6:37  Extractor  
  66  6:38  Extractor  
  69  6:41  Spine Crawler x2  
  69  6:43  Spine Crawler, Drone x2  
  69  6:44  Drone x2, Extractor  
  69  7:00  Zergling x14  
  72  7:06  Drone  
  72  7:12  Zergling x2  
  72  7:13  Zergling x8  
  72  7:14  Zergling x2  
  63  7:23  Spine Crawler  
  63  7:28  Zergling x14  
  63  7:29  Zergling x2  
  61  7:35  Zergling x4  
  61  7:36  Zergling x4  
  61  7:37  Zergling x2  
  64  7:53  Spine Crawler  
  62  8:00  Drone  
  61  8:08  Zerg Melee Weapons Level 1  
  61  8:09  Zerg Ground Armor Level 1  
  58  8:12  Spire  
  53  8:25  Hatchery  
  50  8:39  Spine Crawler  
  49  8:41  Spine Crawler  
  46  9:00  Drone x3  
  49  9:04  Drone  
  49  9:05  Drone x2  
  52  9:19  Zergling x2  
  52  9:30  Mutalisk x2  
  52  9:31  Mutalisk x5  
  63  9:42  Mutalisk  
  63  9:43  Zergling x2  
  63  9:44  Zergling x28  
  69  10:01  Mutalisk  
  71  10:21  Drone x2  
  71  10:22  Drone, Queen  
  71  10:25  Drone x2  
  78  10:31  Extractor  
  78  10:32  Extractor  
  76  10:44  Hatchery  
  75  10:53  Mutalisk x3  
  77  11:12  Mutalisk  
  77  11:15  Overlord x2  
  77  11:16  Overlord x2  
  79  11:50  Drone x3  
  79  11:53  Mutalisk x4  
  90  12:12  Drone x2  
  92  12:16  Drone  
  92  12:17  Drone  
  95  12:22  Drone  
  95  12:28  Zerg Flyer Weapons Level 1  
  94  12:35  Mutalisk x2  
  94  12:36  Mutalisk x2  
  101  13:11  Mutalisk x4  
  101  13:12  Mutalisk  
  111  13:15  Zergling x2  
  111  13:16  Zergling x12  
  118  13:27  Overlord x4  
  118  13:49  Drone  
  118  13:54  Infestation Pit  
  118  14:06  Drone x3  
  118  14:09  Mutalisk x4  
  123  14:25  Mutalisk x2  
  125  14:40  Mutalisk x2  
  127  15:04  Mutalisk x4  
  125  15:08  Zergling x2  
  125  15:09  Zergling x32  
  142  15:28  Hatchery  
Tags
 
Add a new tag
Caveats
  • Supply blocks, unpowered buildings, or Contaminate may cause inaccurate times.
  • Supply counts are checked every 10 seconds.